 Dungeon Crawl Stone Soup version 0.22.1-1-ga44c0e5 (webtiles) character file.

93 vierth the Sneak (level 4, -2/21 HPs)
             Began as a Spriggan Enchanter on Sept 23, 2018.
             Slain by a hobgoblin (3 damage)
             ... on level 3 of the Dungeon.
             The game lasted 00:14:39 (3318 turns).

vierth the Sneak (Spriggan Enchanter)               Turns: 3318, Time: 00:14:39

Health: -2/21      AC:  2    Str:  4    XL:     4   Next: 36%
Magic:  9/11       EV: 18    Int: 16    God:
Gold:   105        SH:  0    Dex: 17    Spells: 8/11 levels left

rFire    . . .     SeeInvis +   c - +1 dagger (freeze)
rCold    . . .     Gourm    .   (shield restricted)
rNeg     . . .     Faith    +   b - +0 robe
rPois    .         Spirit   .   (helmet restricted)
rElec    .         Reflect  .   (no cloak)
rCorr    .         Harm     .   (gloves unavailable)
MR       .....                  (boots unavailable)
Stlth    +++.......             j - amulet of faith
HPRegen  0.07/turn              (no ring)
MPRegen  0.12/turn              (no ring)

@: about to teleport, very quick
A: very small, unfitting armour, see invisible, herbivore, speed 3, slow
metabolism 2
a: no special abilities


You were on level 3 of the Dungeon.
You were not hungry.

You visited 1 branch of the dungeon, and saw 3 of its levels.

You collected 105 gold pieces.

Inventory:

Hand Weapons
 a - a +1 dagger
 c - a +1 dagger of freezing (weapon)
Armour
 b - a +0 robe (worn)
Jewellery
 j - an amulet of faith (around neck)
Scrolls
 e - a scroll of teleportation
 f - a scroll of remove curse
 g - a scroll of enchant weapon {unknown}
 k - a scroll of random uselessness {unknown}
Potions
 h - a potion of degeneration {unknown}
 i - 2 potions of curing
Comestibles
 d - 3 rations


   Skills:
 + Level 3.2 Short Blades
 - Level 3.0 Dodging
 - Level 4.7 Stealth
 + Level 4.2 Spellcasting
 - Level 3.7 Hexes


You had 8 spell levels left.
You knew the following spells:

 Your Spells              Type           Power        Failure   Level  Hunger
a - Corona                Hex            ###....      3%          1    None
b - Ensorcelled Hibernat  Hex/Ice        #.....       12%         2    ##.....

Your spell library contained the following spells:

 Spells                   Type           Power        Failure   Level  Hunger
 Confuse                  Hex            ###.....     11%         3    ###....
 Tukima's Dance           Hex            ###.....     11%         3    ###....
 Dazzling Spray           Conj/Hex       #.....       22%         3    ###....


Dungeon Overview and Level Annotations

Branches:
Dungeon (3/15)

Altars:

Annotations:
D:3 Ijyb, Sigmund


Innate Abilities, Weirdness & Mutations

You are very small and have problems with some larger weapons.
You are too small for most types of armour.
You have supernaturally acute eyesight. (SInv)
You are a herbivore.
You cover ground extremely quickly.
You need to consume almost no food.


Message History

Sigmund is lightly wounded.
Sigmund hits you with a scythe of distortion.
Space bends around you. The hobgoblin barely misses you.
You hit Sigmund. You freeze Sigmund.
Sigmund is lightly wounded.
The hobgoblin hits you.
You barely miss Sigmund.
Sigmund is lightly wounded.
Sigmund closely misses you.
You barely miss Sigmund.
Sigmund is lightly wounded.
The hobgoblin hits you.
* * * LOW HITPOINT WARNING * * *
The hobgoblin hits you.
* * * LOW HITPOINT WARNING * * *
Unknown command.
Sigmund hits you from afar with a scythe of distortion.
* * * LOW HITPOINT WARNING * * *
You feel strangely unstable. The hobgoblin hits you.
You die...

..........#
..........#
..........#
..........#
..........#
.....K....#
......@g..#
..........#
.......g@.#
#.#######.# #
######.#####.##.
#...............
#..........).#
#..[.........#
########(###.....
#......#.# ....
#.####.#.#
#.....g..


You could see Sigmund, 2 hobgoblins and a kobold.

Vanquished Creatures
  A worker ant (D:3)
  An adder (D:2)
  A worm (D:2)
  3 dart slugs
  A leopard gecko (D:1)
  2 giant cockroaches
  14 goblins
  3 hobgoblins (D:1)
  3 jackals (D:2)
  2 quokkas (D:2)
  3 ball pythons
  6 bats
  4 frilled lizards
  A giant cockroach zombie (D:3)
  A rat (D:1)
46 creatures vanquished.

Notes
Turn   | Place    | Note
-------+----------+-------------------------------------------
     0 | D:1      | vierth the Spriggan Enchanter began the quest for the Orb.
     0 | D:1      | Reached XP level 1. HP: 9/9 MP: 5/5
   312 | D:1      | Reached XP level 2. HP: 13/13 MP: 6/6
  1182 | D:1      | Learned a level 2 spell: Ensorcelled Hibernation
  1217 | D:2      | Reached XP level 3. HP: 16/16 MP: 8/8
  2577 | D:3      | Noticed Sigmund
  2980 | D:3      | Reached XP level 4. HP: 13/21 MP: 11/11
  3279 | D:3      | Noticed Ijyb
  3318 | D:3      | HP: 1/21 [Sigmund/scythe of distortion (4)]
  3318 | D:3      | Slain by a hobgoblin

Skill      XL: |  1  2  3 |
---------------+----------+-----
Spellcasting   | 3 4 |  4.2
Short Blades   | 2 3 |  3.2
Dodging        | |  3.0
Stealth        | |  4.7
Hexes          | |  3.7

Action                   |  1- 3 |  4- 6 || total
-------------------------+-------+-------++-------
Melee: Dagger            |   169 |    21 ||   190
 Cast: Ensorcelled Hiber |       |     3 ||     3
  Use: Scroll            |     3 |       ||     3
       Potion            |     1 |       ||     1
 Stab: Sleeping          |    16 |     2 ||    18
Armor: Robe              |    13 |     3 ||    16
Dodge: Dodged            |   112 |    17 ||   129
